 Dungeon Crawl Stone Soup version 0.20-a0-522-g0b37eee (webtiles) character file.

49 polly the Sneak (level 3, 0/18 HPs)
             Began as a Spriggan Assassin on Jan 26, 2017.
             Slain by an adder (1 damage)
             ... on level 2 of the Dungeon.
             The game lasted 00:01:07 (1514 turns).

polly the Sneak (Spriggan Assassin)                 Turns: 1514, Time: 00:01:07

Health: 0/18       AC:  3    Str:  7    XL:     3   Next: 51%
Magic:  4/4        EV: 17    Int: 12    God:
Gold:   75         SH:  0    Dex: 18    Spells: 2/2 levels left

rFire    . . .     SeeInvis +   a - +2 dagger
rCold    . . .     Gourm    .   c - +0 robe
rNeg     . . .     Faith    .   (shield restricted)
rPois    .         Spirit   .   (helmet restricted)
rElec    .         Reflect  .   d - +0 cloak
rCorr    .         Harm     .   (gloves unavailable)
MR       .....                  (boots unavailable)
Stlth    ++++......             (no amulet)
Regen    0.1/turn               (no ring)
                                (no ring)

@: lethally poisoned (0 -> -7), very quick
A: unfitting armour, see invisible, herbivore 3, speed 3, slow metabolism 2
a: no special abilities


You were on level 2 of the Dungeon.
You were not hungry.

You visited 1 branch of the dungeon, and saw 2 of its levels.

You collected 75 gold pieces.

Inventory:

Hand Weapons
 a - a +2 dagger (weapon)
 b - a +0 blowgun
Missiles
 e - 16 poisoned needles
 f - 2 curare-tipped needles
Armour
 c - a +0 robe (worn)
 d - a +0 cloak (worn)
Scrolls
 i - 2 scrolls of identify {unknown}
 j - a scroll of teleportation {unknown}
 k - a scroll of remove curse {unknown}
Potions
 h - a potion of berserk rage {unknown}
 l - 2 potions of agility {unknown}
Comestibles
 g - 2 bread rations


   Skills:
 + Level 1.8 Fighting
 + Level 2.7 Short Blades
 + Level 2.0 Throwing
 + Level 1.9 Dodging
 + Level 7.3 Stealth


You had 2 spell levels left.
You didn't know any spells.

Dungeon Overview and Level Annotations

Branches:
Dungeon (2/15)

Altars:


Innate Abilities, Weirdness & Mutations

You are very small and have problems with some larger weapons.
You are too small for most types of armour.
You have supernaturally acute eyesight. (SInv)
You are a herbivore.
You cover ground extremely quickly.
You need consume almost no food.


Message History

You are too injured to fight recklessly!
You are too injured to fight recklessly!
You are too injured to fight recklessly!
You are too injured to fight recklessly!
You are too injured to fight recklessly!
You are too injured to fight recklessly!
You are too injured to fight recklessly!
You are too injured to fight recklessly!
You are too injured to fight recklessly!
You are too injured to fight recklessly!
You hit the adder but do no damage. The adder barely misses you.
The jackal bites you but does no damage.
You closely miss the adder. The adder bites you.
* * * LOW HITPOINT WARNING * * *
The jackal misses you.
You hit the adder but do no damage. The adder bites you.
* * * LOW HITPOINT WARNING * * *
You are lethally poisoned!
The adder poisons you! The jackal barely misses you. The adder bites you.
You die...

.##.
#......[...#..... .#
#.....[.........#
....#
#..........#..#.#
.................#..#
.............###....#
#.# .............#
#....#.... #....
...... #..........
#### .... #..........
..# #@.........
#Sh..%.....
......>$.!.
........####
...........
............
........?....
###...........


You could see an adder and a jackal.

Vanquished Creatures
  An adder (D:2)
  An ooze (D:2)
  A worm (D:2)
  2 dart slugs (D:1)
  2 leopard geckos
  3 bats (D:1)
  2 giant cockroaches
  A goblin (D:1)
  2 hobgoblins
  2 jackals (D:2)
  2 ball pythons
  2 frilled lizards (D:2)
  4 kobolds
  2 rats
27 creatures vanquished.

Notes
Turn   | Place    | Note
-------+----------+-------------------------------------------
     0 | D:1      | polly the Spriggan Assassin began the quest for the Orb.
     0 | D:1      | Reached XP level 1. HP: 10/10 MP: 2/2
    47 | D:1      | Reached skill level 6 in Stealth
    93 | D:1      | Reached XP level 2. HP: 10/14 MP: 3/3
   951 | D:2      | Reached skill level 7 in Stealth
   974 | D:2      | Reached XP level 3. HP: 15/18 MP: 4/4
  1514 | D:2      | Slain by an adder

Vault maps used:
D:1:      dpeg_arrival_brainrot
D:2:      minmay_diamond_boxcup, first_bread

Skill      XL: |  1  2 |
---------------+-------+-----
Stealth        | 6 7 |  7.3
Fighting       | |  1.8
Short Blades   | |  2.7
Throwing       | |  2.0
Dodging        | |  1.9

Action                   || total
-------------------------++-------
Melee: Dagger            ||   130
 Stab: Sleeping          ||     4
Armor: Robe              ||    15
Dodge: Dodged            ||   103
